 Dungeon Crawl Stone Soup version 0.18.1-5-g4a78601 (webtiles) character file.

98 M4edhros the Sneak (level 4, -1/28 HPs)
             Began as an Octopode Artificer on May 13, 2016.
             Slain by Lovchig's ghost (18 damage)
             ... on level 4 of the Dungeon.
             The game lasted 00:01:15 (1487 turns).

M4edhros the Sneak (Octopode Artificer)             Turns: 1487, Time: 00:01:15

Health: -1/28      AC:  1    Str: 10    XL:     4   Next: 69%
Magic:  6/6        EV: 12    Int: 14    God:
Gold:   92         SH:  0    Dex: 13    Spells: 0 memorised, 3 levels left

rFire  . . .     SeeInvis .     l - +0 dagger (venom)
rCold  . . .     Gourm    .     (no shield)
rNeg   . . .     Faith    .     (helmet restricted)
rPois  .         Spirit   .     (no amulet)
rElec  .         Dismiss  .     (no ring)
rCorr  .         Reflect  .     (no ring)
SustAt .         Harm     .     (no ring)
MR     .....                    (no ring)
Stlth  +++++.....               (no ring)
                                (no ring)
                                (no ring)
                                (no ring)

@: not resistant to hostile enchantments, quite stealthy
A: almost no armour, amphibious, 8 rings, constrict 8, camouflage 1, gelatinous
body 1
a: no special abilities


You were on level 4 of the Dungeon.
You were hungry.

You visited 1 branch of the dungeon, and saw 4 of its levels.

You collected 92 gold pieces.

Inventory:

Hand Weapons
 a - a +0 short sword
 l - a +0 dagger of venom (weapon)
Jewellery
 i - an uncursed amulet of magic regeneration {unknown}
Wands
 b - a wand of flame (6/48)
 c - a wand of enslavement (14/24)
 d - a wand of random effects (15/48)
 r - a wand of random effects (24/48)
Scrolls
 j - a scroll of magic mapping {unknown}
 n - a scroll of remove curse {unknown}
 o - a scroll of noise {unknown}
 q - 2 scrolls of teleportation {unknown}
 s - 2 scrolls of blinking {unknown}
 x - a scroll of identify {unknown}
Potions
 e - a potion of cancellation {unknown}
 g - 2 potions of resistance {unknown}
 h - a potion of lignification {unknown}
 k - a potion of invisibility {unknown}
 m - a potion of curing {unknown}
 t - 2 potions of degeneration {unknown}
 v - a potion of heal wounds {unknown}
 w - a potion of berserk rage {unknown}
Books
 p - a book of Minor Magic

   Spells                             Type                      Level
   a - Magic Dart                     Conjuration                  1
   b - Blink                          Translocation                2
   c - Call Imp                       Summoning                    2
   d - Repel Missiles                 Charms/Air                   2
   e - Slow                           Hexes                        2
   f - Conjure Flame                  Conjuration/Fire             3
   g - Mephitic Cloud                 Conjuration/Poison/Air       3
 y - a book of Annihilations

   Spells                             Type                      Level
   a - Poison Arrow                   Conjuration/Poison           6
   b - Chain Lightning                Conjuration/Air              8
   c - Lehudib's Crystal Spear        Conjuration/Earth            8
   d - Glaciate                       Conjuration/Ice              9
   e - Fire Storm                     Conjuration/Fire             9
Comestibles
 f - a bread ration
 u - a meat ration


   Skills:
 - Level 1.0 Fighting
 - Level 1.0 Short Blades
 - Level 2.0 Dodging
 + Level 6.3 Stealth
 - Level 3.2 Evocations


You had 3 spell levels left.
You didn't know any spells.

Dungeon Overview and Level Annotations

Branches:
Dungeon (4/15)
 Temple: D:4-7

Altars:

Annotations:
D:4 Lovchig's ghost, amateur MiFi


Innate Abilities, Weirdness & Mutations

You cannot wear most types of armour.
You are amphibious.
You can wear up to eight rings at the same time.
You can use your tentacles to constrict eight enemies at once.
Your skin changes colour to match your surroundings (Stealth).
Your rubbery body absorbs attacks (AC +1).


Message History

Aim: Lovchig's ghost (severely damaged)
The puff of flame hits Lovchig's ghost.
Lovchig's ghost is severely damaged.
This wand has 8 charges left.
Lovchig's ghost barely misses you.
Evoke which item? (* to show all) (? for menu, Esc to quit)
Zapping:
b - a wand of flame (8/48)
Press: ? - help, Shift-Dir - straight line, f/p - Lovchig's ghost
Aim: Lovchig's ghost (severely damaged)
The puff of flame hits Lovchig's ghost.
Lovchig's ghost appears unharmed.
Lovchig's ghost is severely damaged.
This wand has 7 charges left.
Lovchig's ghost hits you!
Evoke which item? (* to show all) (? for menu, Esc to quit)
Zapping:
b - a wand of flame (7/48)
Press: ? - help, Shift-Dir - straight line, f/p - Lovchig's ghost
Aim: Lovchig's ghost (severely damaged)
The puff of flame hits Lovchig's ghost.
Lovchig's ghost is almost destroyed.
This wand has 6 charges left.
Lovchig's ghost hits you!!
Ouch! That really hurt!
You die...

.####.# #.##............#
....#.# #.##..(.).......#
.##.#.# #.#####...#######
......# #.........#########
.#..#.#######.##............#
....[.......................#
##..##.#########...(........#
....##..##########.#........#
................@....).....>+
##.####..#######W...........#
#.....##.# #...##..#####
......##.# ##...##..#...
......##.# #........#.#
.#+#####.# ##...##....#
......<#.#######...##..###
.#.....................#
.+.......#######.#.##.######$.


You could see Lovchig's ghost.

Vanquished Creatures
  A phantom (D:4)
  2 adders
  An ooze (D:3)
  A worm (D:4)
  2 dart slugs (D:2)
  A giant gecko (D:3)
  2 orcs (D:3)
  3 goblins
  2 hobgoblins (D:1)
  A giant gecko skeleton (D:4)
  3 kobolds (D:1)
  A quokka skeleton (D:4)
  2 rats
22 creatures vanquished.

Vanquished Creatures (others)
  4 toadstools (D:1)
4 creatures vanquished.

Grand Total: 26 creatures vanquished

Notes
Turn   | Place    | Note
--------------------------------------------------------------
     0 | D:1      | M4edhros the Octopode Artificer began the quest for the Orb.
     0 | D:1      | Reached XP level 1. HP: 13/13 MP: 3/3
    53 | D:1      | Reached skill level 2 in Stealth
   457 | D:1      | Reached XP level 2. HP: 18/18 MP: 4/4
   489 | D:2      | Reached skill level 3 in Stealth
   765 | D:2      | Reached skill level 4 in Stealth
   812 | D:2      | Reached XP level 3. HP: 23/23 MP: 5/5
  1004 | D:4      | Noticed Lovchig's ghost (amateur MiFi)
  1093 | D:4      | Reached skill level 5 in Stealth
  1440 | D:4      | Noticed a phantom
  1468 | D:4      | Killed a phantom
  1468 | D:4      | Reached skill level 6 in Stealth
  1468 | D:4      | Reached XP level 4. HP: 23/28 MP: 6/6
  1487 | D:4      | Slain by Lovchig's ghost

Skill      XL: |  1  2  3 |
---------------+----------+-----
Stealth        | 2 4 6 |  6.3
Fighting       | |  1.0
Short Blades   | |  1.0
Dodging        | |  2.0
Evocations     | |  3.2

Action                   |  1- 3 |  4- 6 || total
-------------------------+-------+-------++-------
Melee: Short sword       |     9 |       ||     9
       Constrict         |    12 |       ||    12
       Dagger            |    27 |       ||    27
       Tentacles         |     6 |       ||     6
Evoke: Wand              |     1 |     9 ||    10
 Stab: Sleeping          |     8 |       ||     8
  Eat: Chunk             |     1 |       ||     1
Dodge: Dodged            |     9 |     1 ||    10
